 Dungeon Crawl Stone Soup version 0.15.2 (webtiles) character file.

239 Nagocixim the Covered (level 6, -14/48 HPs)
             Began as a Human Fighter on Nov 26, 2014.
             Killed from afar by heinrich's ghost (21 damage)
             ... with a stone arrow
             ... on Level 3 of the Dungeon.
             The game lasted 00:26:02 (3386 turns).

Nagocixim the Covered (Human Fighter)               Turns: 3386, Time: 00:26:02

HP -14/48        AC 11     Str 19      XL: 6   Next: 29%
MP   6/6         EV  7     Int  8      God:
Gold 77          SH  9     Dex 12      Spells:  0 memorised,  5 levels left

rFire  . . .     SeeInvis .     o - +0 flail (protect)
rCold  . . .     Clarity  .     k - +0 ring mail
rNeg   + . .     rCorr    .     c - +0 shield
rPois  .         rRot     .     (no helmet)
rElec  .         Spirit   .     (no cloak)
SustAb .         Warding  .     (no gloves)
rMut   .         Stasis   .     (no boots)
Gourm  .                        (no amulet)
MR     .....                    (no ring)
                                l - ring of positive energy

@: not resistant to hostile enchantments, very unstealthy
A: no striking features
a: no special abilities


You were on level 3 of the Dungeon.
You were not hungry.

You visited 1 branch of the dungeon, and saw 4 of its levels.

You collected 77 gold pieces.

Inventory:

Hand weapons
 a - a +0 long sword
 d - a +0 mace
 i - a +1 dagger of venom
 j - a +0 dagger
 o - a +0 flail of protection (weapon)
Missiles
 e - 38 arrows
 n - 4 tomahawks (quivered)
Armour
 b - a +0 scale mail
 c - a +0 shield (worn)
 k - a +0 ring mail (worn)
Magical devices
 p - a wand of slowing (6)
Scrolls
 m - a scroll of remove curse
Jewellery
 l - a ring of positive energy (left hand)
Potions
 f - 2 potions of restore abilities
 g - 4 potions of brilliance
 h - a potion of flight {unknown}


   Skills:
 + Level 3.9 Fighting
 - Level 1.0(1.9) Short Blades
 - Level 2.6(2.7) Long Blades
 * Level 1.0 Maces & Flails
 + Level 4.5 Armour
 + Level 1.4 Dodging
 + Level 0.9 Stealth
 + Level 3.6 Shields


You had 5 spell levels left.
You didn't know any spells.

Dungeon Overview and Level Annotations

Branches:
Dungeon (4/15)
 Temple: D:4-7

Altars:

Portals:
Sewer: D:4

Annotations:
D:3 heinrich's ghost, average DgEE


Message History

You barely miss heinrich's ghost.
Heinrich's ghost is moderately damaged.
Heinrich's ghost casts a spell at you. You block the stone arrow.
Heinrich's ghost hits you but does no damage.
You hit heinrich's ghost.
Heinrich's ghost is moderately damaged.
Heinrich's ghost barely misses you.
You thump heinrich's ghost!
Heinrich's ghost is heavily damaged.
Heinrich's ghost points at you and mumbles some strange words.
The stone arrow hits you!
* * * LOW HITPOINT WARNING * * *
Heinrich's ghost hits you.
* * * LOW HITPOINT WARNING * * *
Heinrich's ghost says, "I am smarter than you!"
Heinrich's ghost barely misses you.
Heinrich's ghost points at you and mumbles some strange words.
The stone arrow hits you!
You die...

##..# .....# ....
.....#. #..#
......# #..#
.....#
#..##[....#
#...>...##
######..[.....##
................#
#######%@.....#.#
####.........# .
# #......W....##
... #.##.###.####
#.# # #.# #.# #.#
#.###.# #.#
#.....# #.#
#####.# #.#
...######.# ###.#


You could see heinrich's ghost.

Vanquished Creatures
  A hound (D:4)
  Terence (D:3)
  9 adders
  3 giant mites
  3 worms
  5 giant geckos
  An ooze (D:1)
  An orc (D:3)
  7 bats
  2 giant cockroaches
  6 hobgoblins
  5 jackals
  3 quokkas
  6 giant newts
  8 goblins
  9 kobolds
  9 rats
79 creatures vanquished.

Notes
Turn   | Place    | Note
--------------------------------------------------------------
     0 | D:1      | Nagocixim, the Human Fighter, began the quest for the Orb.
     0 | D:1      | Reached XP level 1. HP: 18/18 MP: 1/1
    78 | D:1      | Reached XP level 2. HP: 20/24 MP: 2/2
   416 | D:1      | Reached XP level 3. HP: 29/29 MP: 3/3
  1080 | D:2      | Reached skill level 4 in Armour
  1149 | D:2      | Reached XP level 4. HP: 18/35 MP: 4/4
  1392 | D:2      | HP: 1/35 [adder (2)]
  1856 | D:2      | Reached XP level 5. HP: 27/42 MP: 5/5
  2550 | D:3      | Reached skill level 1 in Short Blades
  2787 | D:3      | Noticed heinrich's ghost (average DgEE)
  2810 | D:3      | Noticed Terence
  2821 | D:4      | HP: 2/42 [giant gecko (1)]
  3096 | D:4      | Found a glowing drain.
  3113 | D:3      | Killed Terence
  3113 | D:3      | Reached skill level 1 in Dodging
  3276 | D:4      | Reached skill level 1 in Maces & Flails
  3276 | D:4      | Reached XP level 6. HP: 38/48 MP: 6/6
  3386 | D:3      | Killed from afar by heinrich's ghost

Action                   |  1- 3 |  4- 6 || total
-------------------------+-------+-------++-------
Melee: Long sword        |   121 |    44 ||   165
       Dagger            |       |    61 ||    61
       Flail             |       |    89 ||    89
Throw: Tomahawk          |       |     2 ||     2
  Use: Potion            |     1 |     3 ||     4
       Scroll            |     7 |     2 ||     9
  Eat: Bread ration      |       |     2 ||     2
